AoeStats
← Sir Fart a lot

Migration

509655144Analyzed
1v1 RM · 3d ago on Sep 27, 2026· 34m 0s· 2 players
Game mode
Random Map
Map size
132×132
Population
200
Speed
Normal
Resources
Standard
Victory
Conquest
Starting age
Dark Age
Ending age
Imperial Age
RankedLock teamsTeams togetherTeam positionsShared explorationLock speedFull tech treeHidden civsTurbo modeCheats
Victory
Defeat
🇨🇭 Spanish · Switzerland
1040
+17
🇺🇸 Turks · United States
1068
-17
Sir Fart a lot
9:55 Feudal Age
10:27 Double-Bit Axe
12:25 Wheelbarrow
17:49 Castle Age
15:58 Fletching
18:59 Medium Warships
24:28 Bodkin Arrow
31:33 Imperial Age
mazerr88
11:08 Feudal Age
10:45 Loom
12:03 Double-Bit Axe
17:00 Castle Age
15:34 Forging
15:08 Horse Collar
19:32 Wheelbarrow
20:49 Heavy Plow
25:15 Hand Cart
33:38 Fervor
36:46 Imperial Age
Connection lost

Rejoining the realm…

Still unreachable

The connection could not be restored.

Session expired

The server has moved on; the page needs a fresh start.